 Dungeon Crawl Stone Soup version 0.28-a0-409-g6a72785379 (webtiles) character file.

Game seed: 9349430660319822130

15 Astera the Skirmisher (level 2, -4/27 HPs)
             Began as a Hill Orc Cinder Acolyte on Sept 6, 2021.
             Was a High Priest of Ignis.
             Succumbed to a goblin's curare-tipped dart
             ... on level 1 of the Dungeon.
             The game lasted 00:01:09 (548 turns).

Astera the Skirmisher (Hill Orc Cinder Acolyte)      Turns: 548, Time: 00:01:10

Health: -4/27      AC:  2    Str: 16    XL:     2   Next: 50%
Magic:  3/3        EV: 11    Int: 14    God:    Ignis [*****.]
Gold:   9          SH:  0    Dex:  6    Spells: 3/3 levels left

rFire   + . .      SeeInvis .   a - -1 hand axe (flame)
rCold   . . .      Faith    .   (no shield)
rNeg    . . .      Spirit   .   b - +0 robe
rPois   .          Reflect  .   (no helmet)
rElec   .          Harm     .   (no cloak)
rCorr   .          Rampage  .   (no gloves)
Will    .....                   (no boots)
Stlth   +.........              (no amulet)
HPRegen 0.09/turn               (no ring)
MPRegen 0.08/turn               (no ring)

@: lethally poisoned (-4 -> -40), slowed, very slow
A: no striking features
a: Renounce Religion, Sea of Fire, Foxfire Swarm, Rising Flame


You were on level 1 of the Dungeon.
You worshipped Ignis.
Ignis was extremely pleased with you.
You visited 1 branch of the dungeon, and saw 1 of its levels.

You collected 9 gold pieces.

Inventory:

Hand Weapons
 a - a -1 hand axe of flaming (weapon)
Armour
 b - a +0 robe (worn)
Jewellery
 d - a +4 ring of protection
Scrolls
 c - 2 scrolls of fog {unknown}
 e - a scroll of torment {unknown}


   Skills:
 + Level 4.3 Fighting
 + Level 4.1 Axes
 + Level 0.1 Dodging
 + Level 1.0 Spellcasting
 + Level 3.4 Fire Magic


You had 3 spell levels left.
You didn't know any spells.
Your spell library contained the following spells:

 Spells                   Type           Power      Damage    Failure   Level
 Scorch                   Fire           20%        2d6       10%         2


Dungeon Overview and Level Annotations

Branches:
Dungeon (1/15)

Altars:


Message History

You hit the hobgoblin. You burn the hobgoblin.
You kill the hobgoblin!
An endoplasm comes into view.
A quokka comes into view.
The endoplasm quivers.
You hit the goblin. You burn the goblin.
You kill the goblin!
The quokka barely misses you.
You hit the quokka. You burn the quokka.
You kill the quokka!
You barely miss the endoplasm. The endoplasm barely misses you.
You hit the endoplasm but do no damage.
An endoplasm comes into view.
The endoplasm hits you.
You hit the endoplasm. You burn the endoplasm.
The endoplasm is moderately wounded.
The endoplasm barely misses you.
You hit the endoplasm. You burn the endoplasm.
The endoplasm is severely wounded.
The endoplasm barely misses you.
A goblin comes into view.
It is wielding a +3 mace and quivering curare-tipped darts.
The goblin shouts!
You hit the endoplasm. You burn the endoplasm.
You kill the endoplasm!
You hear a shout!
A rat comes into view.
You hit the endoplasm. You burn the endoplasm.
The endoplasm is heavily wounded.
The goblin throws a curare-tipped dart.
The curare-tipped dart hits you.
You are poisoned.
You have difficulty breathing.
You feel yourself slow down. The endoplasm freezes you.
You are frozen.
The goblin throws a curare-tipped dart.
The curare-tipped dart hits you.
You are more poisoned.
You have difficulty breathing.
* * * LOW HITPOINT WARNING * * *
You feel as though you will be slow longer.
The endoplasm hits you.
* * * LOW HITPOINT WARNING * * *
You die...

#.# ##.###.##
##.##########.##
##.#
#............(# #.#
#..##########.#
##†# #..# ##.###.##
#..# #...##
#÷.###### #####.##
......... #...).##
#######..###.#.#@.#
# ....r.J...# #
###.####..# # #.
#..# # . #g.# #
#.## ..# #.# #..


You could see an endoplasm, a goblin and a rat.

Vanquished Creatures
  2 bats (D:1)
  An endoplasm (D:1)
  A giant cockroach (D:1)
  A goblin (D:1)
  3 hobgoblins (D:1)
  2 quokkas (D:1)
  A kobold (D:1)
  A rat (D:1)
12 creatures vanquished.

Notes
Turn   | Place    | Note
-------+----------+-------------------------------------------
     0 | D:1      | Astera the Hill Orc Cinder Acolyte began the quest for the
                  | Orb.
     0 | D:1      | Reached XP level 1. HP: 19/19 MP: 2/2
   255 | D:1      | Reached XP level 2. HP: 5/27 MP: 3/3
   548 | D:1      | Succumbed to a goblin's curare-tipped dart

Illustrated notes

Levels and vault maps discovered:
D:1:      nicolae_arrival_somewhat_less_tricky_arrival, layout_loops_ring,
          minmay_nonomino_d4

Skill      XL: |  1 |
---------------+----+-----
Fighting       | 4 |  4.3
Axes           | |  4.1
Dodging        | |  0.1
Spellcasting   | |  1.0
Fire Magic     | |  3.4

Action                   || total
-------------------------++-------
Melee: Hand axe          ||    33
Armor: Robe              ||    10
Dodge: Dodged            ||    17

Table legend: (Time is in decaauts)
 A = Elapsed time spent in this place.
 B = Non-inter-level travel time spent in this place.
 C = Inter-level travel time spent in this place.
 D = Time resting spent in this place.
 E = Time spent auto-exploring this place.
 F = Levels seen in this place.
 G = Mean time per level.
                   A        B        C        D        E       F      G
               +--------+--------+--------+--------+--------+-----+--------+
         Total |    551 |    551 |      0 |     73 |    404 |   1 |  551.0 |
       Dungeon |    551 |    551 |      0 |     73 |    404 |   1 |  551.0 |
               +--------+--------+--------+--------+--------+-----+--------+

Top non-repeatable levels by time:
     D:1: 551 daAuts
